 Dungeon Crawl Stone Soup version 0.31-a0-1547-g618ab1f346 (webtiles) character file.

Game seed: 9620476648627978797

154 Flugslaktarn the Trooper (level 5, 0/48 HPs)
             Began as a Minotaur Fighter on Jan 2, 2024.
             Incinerated by a bombardier beetle (3 damage)
             ... with a burning spray
             ... on level 3 of the Dungeon.
             The game lasted 00:01:14 (1691 turns).

Flugslaktarn the Trooper (Minotaur Fighter)         Turns: 1691, Time: 00:01:15

Health: 0/48       AC: 14    Str: 23    XL:     5   Next: 13%
Magic:  4/4        EV:  8    Int:  5    God:
Gold:   91         SH:  4    Dex:  9    Spells: 4/4 levels left

rFire   . . .        a - +0 war axe
rCold   . . .        c - +0 buckler
rNeg    . . .        m - +0 chain mail
rPois   .            h - +2 hat
rElec   .            (no cloak)
rCorr   +            g - +2 pair of gloves
SInv    .            (no boots)
Will    .....        (no amulet) Stlth
                     k - ring of resist corrosion
HPRegen 0.28/turn    (no ring)
MPRegen 0.09/turn

%: no passive effects
@: on fire, glowing
A: horns 2, retaliatory headbutt
a: no special abilities


You were on level 3 of the Dungeon.
You visited 1 branch of the dungeon, and saw 3 of its levels.

You collected 91 gold pieces.

Inventory:

Hand Weapons
 a - a +0 war axe (weapon)
Armour
 b - a +0 scale mail
 c - a +0 buckler (worn)
 g - a +2 pair of gloves (worn)
   (You found it on level 1 of the Dungeon)
 h - a +2 hat (worn)
   (You found it on level 1 of the Dungeon)
 m - a +0 chain mail (worn)
   (You found it on level 1 of the Dungeon)
Jewellery
 k - a ring of resist corrosion (left hand)
   (You found it on level 1 of the Dungeon)
 p - a +4 ring of protection
   (You found it on level 3 of the Dungeon)
Scrolls
 e - a scroll of fog {unknown}
 l - 3 scrolls of identify {unknown}
 n - a scroll of amnesia {unknown}
 r - a scroll of blinking {unknown}
 u - a scroll of poison {unknown}
Potions
 d - a potion of might
 f - a potion of mutation {unknown}
 i - a potion of haste {unknown}
 j - 2 potions of attraction {unknown}
 o - a potion of lignification {unknown}
 q - a potion of heal wounds {unknown}
 s - a potion of enlightenment {unknown}
 t - a potion of invisibility {unknown}


   Skills:
 * Level 5.3 Fighting
 * Level 4.5 Axes
 + Level 4.5 Armour
 - Level 3.6 Shields


You had 4 spell levels left.
You didn't know any spells.
Your spell library contained the following spells:

 Spells                   Type           Power      Damage    Failure   Level
 Necrotise                Necr           0%         1d4       98%         1
 Vampiric Draining        Necr           0%         2d6       100%        3
 Volatile Blastmotes      Fire/Tloc      0%         2d10      100%        3
 Fulminant Prism          Conj/Alch      0%         3d5       100%        4
 Iskenderun's Mystic Bla  Conj/Tloc      0%         2d3       100%        4
 Martyr's Knell           Necr/Summ      0%         N/A       100%        4
 Curse of Agony           Necr           0%         N/A       100%        5


Dungeon Overview and Level Annotations

Branches:
Dungeon (3/15)

Altars:
Fedhas


Innate Abilities, Weirdness & Mutations

You have a pair of horns on your head.
You reflexively headbutt those who attack you in melee.


Message History

An orc comes into view. It is wielding a +0 hand axe.
You slash the orc!
You kill the orc!
The orc hits you but does no damage.
Things that are here:
a +0 mace; a +0 ring mail You hit the orc.
The orc is almost dead.
You hit the plant.
The plant begins to die.
The orc hits you but does no damage.
You completely miss the orc. You headbutt the orc.
You kill the orc!
You slash the plant! You barely miss the orc. Your headbutt misses the orc.
You hit the plant.
A nearby plant withers and dies.
The orc hits you but does no damage. The orc barely misses you.
You hit the orc. Your headbutt misses the orc.
The orc is heavily wounded.
The orc closely misses you.
You hit the orc.
You kill the orc!
You slash the orc!
You kill the orc!
You completely miss the orc. The orc hits you with a +0 hand axe.
You block the orc's attack.
You barely miss the orc. The orc hits you but does no damage.
You slash the orc!
You kill the orc!
No target in view!
No target in view!
No target in view!
Items here: )))) [ ††.
No target in view!
Things that are here:
a +0 mace; a +0 ring mail You now have 84 gold pieces (gained 4).
There is a faded altar of an unknown god here.
l - 3 scrolls labelled JATYIBLARGH (gained 1)
p - a +4 ring of protection;
u - a scroll labelled OFEQIW MAODOE A goblin comes into view.
It is wielding a +0 dagger.
The goblin shouts!
You see here 7 gold pieces.
A goblin is nearby!
A goblin is nearby!
The goblin barely misses you. You furiously retaliate!
You headbutt the goblin!
You kill the goblin!
No target in view!
No target in view!
No target in view!
No target in view!
You now have 91 gold pieces (gained 7).
A bombardier beetle comes into view.
A bombardier beetle is nearby!
A bombardier beetle is nearby!
The bombardier beetle bites you but does no damage.
You barely miss the bombardier beetle. You headbutt the bombardier beetle!
The bombardier beetle is moderately wounded.
The bombardier beetle bites you but does no damage.
You closely miss the bombardier beetle.
The bombardier beetle is moderately wounded.
You hit the bombardier beetle.
The bombardier beetle is heavily wounded.
The bombardier beetle sprays incendiary fluid at you.
The burning spray hits you.
You are covered in liquid fire!
You slash the bombardier beetle!
The bombardier beetle is almost dead.
The liquid fire burns you!
The bombardier beetle sprays incendiary fluid at you.
The burning spray hits you.
You are even more covered in liquid fire!
You shake off some of the fire as you move.
The liquid fire burns you!
You shake off some of the fire as you move.
The liquid fire burns you!
You shake off some of the fire as you move.
The liquid fire burns you!
The bombardier beetle sprays incendiary fluid at you.
The burning spray hits you.
You are even more covered in liquid fire!
You hit the bombardier beetle but do no damage.
The bombardier beetle is almost dead.
The liquid fire burns you!
You hit the bombardier beetle.
The bombardier beetle is almost dead.
The liquid fire burns you!
* * * LOW HITPOINT WARNING * * *
The bombardier beetle sprays incendiary fluid at you.
The burning spray misses you.
You slash the bombardier beetle!
You kill the bombardier beetle!
The liquid fire burns you!
* * * LOW HITPOINT WARNING * * *
You have reached level 5!
You shake off some of the fire as you move.
The liquid fire burns you!
* * * LOW HITPOINT WARNING * * *
You shake off some of the fire as you move.
The liquid fire burns you!
You die...

#.# ###.### .....
##.#... #..#..#
#..#).# #..#..#
#..#..#
#..#.@#####.
.#####..#.........
..........######..
#####...###
.........######
#####.........#
##..#####.# #..#
#.# #.# #..# #.#


There were no monsters in sight!

Vanquished Creatures
  A bombardier beetle (D:3)
  Jessica (D:2)
  A gnoll (D:1)
  2 adders (D:2)
  A ribbon worm (D:2)
  5 orcs (D:3)
  3 ball pythons (D:1)
  8 bats
  10 endoplasms
  2 giant cockroaches
  5 goblins
  2 hobgoblins (D:2)
  2 quokkas (D:1)
  4 frilled lizards
  5 kobolds
  2 rats (D:1)
54 creatures vanquished.

Notes
Turn   | Place    | Note
-------+----------+-------------------------------------------
     0 | D:1      | Flugslaktarn the Minotaur Fighter began the quest for the
                  | Orb.
     0 | D:1      | Reached XP level 1. HP: 19/19 MP: 0/0
    41 | D:1      | Reached XP level 2. HP: 27/27 MP: 1/1
    47 | D:1      | Reached skill level 4 in Fighting
   262 | D:1      | Reached XP level 3. HP: 33/33 MP: 2/2
   556 | D:2      | Found a blossoming altar of Fedhas.
   892 | D:2      | Reached XP level 4. HP: 41/41 MP: 3/3
  1022 | D:2      | Noticed Jessica
  1026 | D:2      | Killed Jessica
  1046 | D:2      | Identified the +1 pair of gloves of Wu Jian's Grace {*Slow
                  | Dex+6}
  1569 | D:3      | Found a faded altar of an unknown god.
  1577 | D:3      | Reached skill level 5 in Fighting
  1690 | D:3      | Reached XP level 5. HP: 7/48 MP: 4/4
  1691 | D:3      | Incinerated by a bombardier beetle

Illustrated notes

Levels and vault maps discovered:
D:1:      roderic_crossed_star, layout_rooms
D:2:      layout_loops_ring, basic_altar, chequers_big_river, minivault_27,
          minmay_tetromino_s2, uniq_jessica
D:3:      layout_loops_ring, zin_academy, nicolae_gozag_seed_capital,
          shapermc_ecumenical_altar_gd

Skill      XL: |  1  2  3  4 |
---------------+-------------+-----
Fighting       | 4 5 |  5.3
Axes           | 3 4 |  4.5
Armour         | 4 |  4.5
Shields        | |  3.6

Action                     |  1- 3 |  4- 6 || total
---------------------------+-------+-------++-------
  Melee: War axe           |    66 |    45 ||   111
         Headbutt          |     9 |     7 ||    16
    Use: Scroll            |       |     2 ||     2
 Armour: Scale mail        |    21 |       ||    21
         Chain mail        |    22 |    24 ||    46
  Dodge: Dodged            |    35 |    10 ||    45
  Block: Buckler           |    17 |     9 ||    26

Table legend: (Time is in decaauts)
 A = Elapsed time spent in this place.
 B = Non-inter-level travel time spent in this place.
 C = Inter-level travel time spent in this place.
 D = Time resting spent in this place.
 E = Time spent auto-exploring this place.
 F = Levels seen in this place.
 G = Mean time per level.
                   A        B        C        D        E       F      G
               +--------+--------+--------+--------+--------+-----+--------+
         Total |   1744 |   1645 |     99 |     83 |   1134 |   3 |  581.3 |
       Dungeon |   1744 |   1645 |     99 |     83 |   1134 |   3 |  581.3 |
               +--------+--------+--------+--------+--------+-----+--------+

Top non-repeatable levels by time:
     D:2: 921 daAuts
     D:1: 570 daAuts
     D:3: 252 daAuts
